 Dungeon Crawl Stone Soup version 0.19.0-20-gbc5f0c6 (webtiles) character file.

304 McCoppin the Sneak (level 6, -11/41 HPs)
             Began as an Octopode Necromancer on Nov 17, 2016.
             Mangled by an ogre
             ... wielding a +0 giant club
              (27 damage)
             ... on level 4 of the Dungeon.
             The game lasted 00:07:31 (3060 turns).

McCoppin the Sneak (Octopode Necromancer)           Turns: 3060, Time: 00:07:32

Health: -11/41     AC:  8    Str:  8    XL:     6   Next: 38%
Magic:  9/9        EV: 13    Int: 17    God:
Gold:   123        SH:  0    Dex: 14    Spells: 3 memorised, 2 levels left

rFire  . . .     SeeInvis .     q - +2 dagger (protect)
rCold  . . .     Gourm    .     (no shield)
rNeg   . . .     Faith    .     (helmet restricted)
rPois  .         Spirit   .     (no amulet)
rElec  .         Reflect  .     (no ring)
rCorr  .         Harm     .     (no ring)
MR     .....                    (no ring)
Stlth  +++++.....               (no ring)
                                (no ring)
                                (no ring)
                                (no ring)
                                (no ring)

@: protection aura
A: almost no armour, stealthy swim, amphibious, 8 rings, constrict 8, camouflage
1, gelatinous body 1
a: no special abilities


You were on level 4 of the Dungeon.
You were not hungry.

You visited 1 branch of the dungeon, and saw 4 of its levels.

You collected 123 gold pieces.

Inventory:

Hand Weapons
 c - a +0 dagger
 l - a cursed -3 dagger
 q - a +2 dagger of protection (weapon)
Armour
 o - a +0 shield
Wands
 w - a wand of iceblast (8/15)
Scrolls
 e - a scroll of identify {unknown}
 h - a scroll of blinking {unknown}
 j - 2 scrolls of teleportation {unknown}
 k - a scroll of enchant armour {unknown}
 m - 3 scrolls of remove curse {unknown}
 n - a scroll of fog {unknown}
 t - 3 scrolls of fear {unknown}
 u - a scroll of immolation {unknown}
 v - a scroll of recharging {unknown}
 x - a scroll of enchant weapon {unknown}
Potions
 f - a potion of cure mutation {unknown}
 g - 3 potions of lignification {unknown}
 i - 3 potions of might {unknown}
 p - a potion of ambrosia {unknown}
 s - a potion of haste {unknown}
Books
 a - a book of Necromancy

   Spells                             Type                      Level
   a - Pain                           Necromancy                   1
   b - Animate Skeleton               Necromancy                   1
   c - Vampiric Draining              Necromancy                   3
   d - Regeneration                   Charms/Necromancy            3
   e - Animate Dead                   Necromancy                   4
   f - Control Undead                 Necromancy                   4
Comestibles
 b - 4 bread rations
 d - 22 fruits
 r - a beef jerky


   Skills:
 + Level 2.6 Fighting
 - Level 2.0 Dodging
 - Level 7.2 Stealth
 - Level 2.0 Spellcasting
 + Level 4.8 Necromancy


You had 2 spell levels left.
You knew the following spells:

 Your Spells              Type           Power        Failure   Level  Hunger
a - Pain                  Necr           ###.         2%          1    #......
b - Vampiric Draining     Necr           ###.......   10%         3    ###....
c - Regeneration          Chrm/Necr      #.........   24%         3    ###....


Dungeon Overview and Level Annotations

Branches:
Dungeon (4/15)
 Temple: D:4-7

Altars:
Ashenzari
Fedhas
Gozag
Okawaru

Annotations:
D:4 Edmund; Philosophy's ghost, novice HOFi


Innate Abilities, Weirdness & Mutations

You cannot wear most types of armour.
You are very stealthy in the water. (Stealth+)
You are amphibious.
You can wear up to eight rings at the same time.
You can use your tentacles to constrict eight enemies at once.
Your skin changes colour to match your surroundings (Stealth+).
Your rubbery body absorbs attacks. (AC +1, EV +1)


Message History

Your weapon exudes an aura of protection.
The ogre is lightly wounded.
The ogre barely misses you.
You hit the ogre but do no damage.
The ogre is lightly wounded.
The ogre misses you.
You closely miss the ogre.
The ogre is lightly wounded.
The ogre completely misses you.
You hit the ogre.
The ogre is moderately wounded.
You hit the ogre.
The ogre is moderately wounded.
The ogre hits you with a giant club!!
Ouch! That really hurt!
You hit the ogre.
The ogre is heavily wounded.
The ogre hits you with a giant club!!
Ouch! That really hurt!
You die...

#<#.# ######.####. #.#.#
#.#.... ###.#.# #.#.#..
#...#.# #.##########.#.#..
#.###.# #>...........#.#..
#.###.# #####..######.#..
#.....# #...## #.#..
##############....#####.#..
.......@O............#..
##############.#######..
........†....)...
########.######.# #..# #.#
#. ##.## #.. #. #..# ### #@
##.## #. .#. #..#


You could see an ogre.

Vanquished Creatures
  A scorpion (D:4)
  A howler monkey (D:4)
  A hound (D:4)
  An orc wizard (D:3)
  An orc priest (D:3)
  A centaur skeleton (D:4)
  3 adders
  2 dart slugs
  2 leopard geckos
  11 orcs
  A ball python (D:1)
  A giant cockroach (D:1)
  10 goblins
  4 hobgoblins
  5 jackals
  2 bats (D:1)
  2 frilled lizards
  6 kobolds
  5 rats
60 creatures vanquished.

Notes
Turn   | Place    | Note
-------+----------+-------------------------------------------
     0 | D:1      | McCoppin the Octopode Necromancer began the quest for the Orb.
     0 | D:1      | Reached XP level 1. HP: 11/11 MP: 3/3
     6 | D:1      | Noticed a wolf
     6 | D:1      | Noticed a polar bear
     6 | D:1      | Noticed a rime drake
     6 | D:1      | Noticed a lindwurm
     6 | D:1      | Noticed an anaconda
    23 | D:1      | Reached skill level 3 in Stealth
   284 | D:1      | Reached XP level 2. HP: 17/17 MP: 5/5
   300 | D:1      | Reached skill level 4 in Stealth
   739 | D:1      | Reached XP level 3. HP: 21/21 MP: 6/6
  1098 | D:2      | Reached skill level 5 in Stealth
  1268 | D:2      | Learned a level 3 spell: Vampiric Draining
  1622 | D:2      | Found a blossoming altar of Fedhas.
  1700 | D:3      | Found a shattered altar of Ashenzari.
  1706 | D:3      | Found an iron altar of Okawaru.
  1708 | D:3      | Found an opulent altar of Gozag.
  1947 | D:3      | Reached skill level 6 in Stealth
  1947 | D:3      | Reached XP level 4. HP: 25/27 MP: 7/7
  1972 | D:3      | Reached skill level 7 in Stealth
  1972 | D:3      | Reached XP level 5. HP: 19/31 MP: 8/8
  2145 | D:3      | Learned a level 3 spell: Regeneration
  2595 | D:4      | Noticed Philosophy's ghost (novice HOFi)
  2706 | D:4      | Reached skill level 1 in Fighting
  2718 | D:4      | Noticed Edmund
  2894 | D:4      | Reached XP level 6. HP: 37/39 MP: 9/9
  3060 | D:4      | Mangled by an ogre

Skill      XL: |  1  2  3  4  5 |
---------------+----------------+-----
Stealth        | 3 4 6 7 |  7.2
Fighting       | 2 |  2.6
Dodging        | |  2.0
Spellcasting   | |  2.0
Necromancy     | |  4.8

Action                   |  1- 3 |  4- 6 || total
-------------------------+-------+-------++-------
Melee: Dagger            |    57 |    83 ||   140
       Unarmed           |     5 |       ||     5
       Tentacles         |     9 |    15 ||    24
       Constrict         |    12 |    17 ||    29
 Cast: Pain              |     2 |     2 ||     4
       Vampiric Draining |     2 |       ||     2
 Stab: Sleeping          |    15 |     8 ||    23
  Eat: Chunk             |     3 |     4 ||     7
Armor: Skin              |     9 |    16 ||    25
Dodge: Dodged            |    31 |    43 ||    74
